 Dungeon Crawl Stone Soup version bcrawl-1.21.2-20-g6d45ba5942 (webtiles) character file.

Game seed: 6663698643914517125

159 BeastOfSaturn the Slasher (level 5, -5/42 HPs)
             Began as an Oni Skald on Feb 28, 2020.
             Killed from afar by an orc wizard (7 damage)
             ... with a magic dart
             ... on level 3 of the Dungeon.
             The game lasted 00:06:43 (2359 turns).

BeastOfSaturn the Slasher (Oni Skald)               Turns: 2359, Time: 00:06:43

Health: -5/42      AC:  6    Str: 15    XL:     5   Next: 40%
Magic:  9/9        EV:  7    Int: 14    God:
Gold:   156        SH:  8    Dex: 15    Spells: 6/7 levels left

rFire    . . .     SeeInvis .   l - +1 hand axe (elec)
rCold    . . .     Gourm    .   c - +0 medium shield (curse)
rNeg     . . .     Faith    .   o - +0 scale mail
rPois    .         Spirit   .   (helmet restricted)
rElec    .         Reflect  .   (no cloak)
rCorr    .         Harm     .   (no gloves)
MR       .....                  (no boots)
Stlth    ..........             (no amulet)
HPRegen  0.14/turn              h - +4 ring of dexterity
MPRegen  0.11/turn              (no ring)

@: no status effects
A: oni magic, claws 1, fangs 1, horns 1
a: no special abilities


You were on level 3 of the Dungeon.
You were not hungry.

You visited 1 branch of the dungeon, and saw 3 of its levels.

You collected 156 gold pieces.

Inventory:

Hand Weapons
 a - a +0 falchion
 l - a +1 hand axe of electrocution (weapon)
Armour
 c - a cursed +0 medium shield (worn)
 f - a +0 ring mail
 o - a +0 scale mail (worn)
Jewellery
 h - a +4 ring of dexterity (left claw)
Wands
 p - a wand of disintegration (6)
Scrolls
 d - 2 scrolls of fear
 i - a scroll of remove curse {unknown}
 j - 2 scrolls of identify {unknown}
 k - a scroll of amnesia {unknown}
Potions
 b - a potion of mutation {unknown}
 g - a potion of berserk rage {unknown}
 m - a potion of haste {unknown}
 n - a potion of curing {unknown}
 q - a potion of cancellation {unknown}
Comestibles
 e - 4 rations {!d}


   Skills:
 + Level 2.4 Fighting
 - Level 2.6 Long Blades
 * Level 2.3 Axes
 * Level 2.3 Armour
 - Level 1.7 Dodging
 * Level 1.7 Shields
 + Level 1.6 Spellcasting
   Level 1.6 Conjurations
   Level 1.6 Hexes
   Level 1.6 Charms
   Level 1.6 Summonings
   Level 1.6 Necromancy
   Level 1.6 Translocations
   Level 1.6 Transmutations
   Level 1.6 Fire Magic
   Level 1.6 Ice Magic
   Level 1.6 Air Magic
   Level 1.6 Earth Magic
   Level 1.6 Poison Magic


You had 6 spell levels left.
You knew the following spells:

 Your Spells              Type           Power        Failure   Level  Hunger
a - Infusion              Chrm           #.......     94%         1    ##.....

Your spell library contained the following spells:

 Spells                   Type           Power        Failure   Level  Hunger
 Corona                   Hex            #......      94%         1    ##.....
 Song of Slaying          Chrm           #.......     98%         2    ###....
 Sublimation of Blood     Necr           #.........   98%         2    ###....
 Ozocubu's Armour         Chrm/Ice       #.......     100%        3    ####...
 Regeneration             Chrm/Necr      #.........   100%        3    ####...
 Spectral Weapon          Hex/Chrm       #.......     100%        3    ####...


Dungeon Overview and Level Annotations

Branches:
Dungeon (3/12)

Altars:


Innate Abilities, Weirdness & Mutations

You learn spells by gaining experience, not through books or religion.
You only train spellcasting to practice magic.
You have sharp fingernails.
You have very sharp teeth.
You have a pair of small horns on your head.


Message History

An orc wizard appears from thin air!
Reactivating autopickup.
The orc wizard looks satisfied for a moment.
You are no longer glowing.
The orc wizard hits you but does no damage.
The orc wizard is no longer moving quickly.
The orc wizard closely misses you.
Things that are here:
a +0 dagger; a +0 scale mail The orc wizard points at you and mumbles some strange words.
The puff of flame misses you.
The orc wizard looks encouraged for a moment.
The orc wizard points at you and mumbles some strange words.
The puff of frost hits you!
* * * LOW HITPOINT WARNING * * *
Things that are here:
a +0 mace; a +0 scale mail The orc wizard gestures at you while chanting.
The magic dart hits you!
You die...

#.###.##.# #.#
#....##.#####.#
#..o...^....# ###
##o########## #.#
#.## #.# #..# #.#
#..# #.# #).# #.#
#@.# #.# #..#
#.########..#####
#....<.........)..
##########........
##.###### ... ####


You could see an orc wizard and an orc.

Vanquished Creatures
  An orc priest (D:3)
  A gnoll shaman (D:3)
  Terence (D:3)
  A gnoll (D:2)
  2 oozes
  A worm (D:2)
  2 dart slugs (D:2)
  A leopard gecko (D:2)
  5 orcs
  3 giant cockroaches
  5 hobgoblins
  2 jackals (D:2)
  5 kobolds
  A ball python (D:2)
  3 bats
  4 frilled lizards
  4 goblins
  2 rats (D:2)
44 creatures vanquished.

Notes
Turn   | Place    | Note
-------+----------+-------------------------------------------
     0 | D:1      | BeastOfSaturn the Oni Skald began the quest for the Orb.
     0 | D:1      | Reached XP level 1. HP: 17/17 MP: 4/4
   151 | D:1      | Reached skill level 1 in Armour
   151 | D:1      | Reached XP level 2. HP: 22/24 MP: 4/6
  1118 | D:2      | Reached XP level 3. HP: 15/29 MP: 7/7
  1328 | D:2      | Reached skill level 1 in Shields
  1745 | D:2      | Reached XP level 4. HP: 36/36 MP: 8/8
  1757 | D:2      | Reached skill level 1 in Axes
  1973 | D:3      | Noticed Terence
  1982 | D:3      | Killed Terence
  2303 | D:3      | Reached XP level 5. HP: 42/42 MP: 9/9
  2346 | D:3      | HP: 1/42 [orc wizard/puff of frost (8)]
  2359 | D:3      | Killed from afar by an orc wizard

Skill      XL: |  1  2  3  4  5 |
---------------+----------------+-----
Armour         | 1 2 |  2.3
Shields        | 1 |  1.7
Axes           | 1 2 |  2.3
Fighting       | |  2.4
Long Blades    | |  2.6
Dodging        | |  1.7
Spellcasting   | |  1.6
Conjurations   | |  1.6
Hexes          | |  1.6
Charms         | |  1.6
Summonings     | |  1.6
Necromancy     | |  1.6
Translocations | |  1.6
Transmutations | |  1.6
Fire Magic     | |  1.6
Ice Magic      | |  1.6
Air Magic      | |  1.6
Earth Magic    | |  1.6
Poison Magic   | |  1.6

Action                   |  1- 3 |  4- 6 || total
-------------------------+-------+-------++-------
Melee: Falchion          |    46 |       ||    46
       Headbutt          |    13 |     7 ||    20
       Bite              |     7 |     5 ||    12
       Hand axe          |    32 |    32 ||    64
  Eat: Chunk             |     3 |       ||     3
       Ration            |       |     1 ||     1
Armor: Ring mail         |    29 |     2 ||    31
       Scale mail        |       |    20 ||    20
Dodge: Dodged            |    27 |    12 ||    39
Block: Medium shield     |    29 |    17 ||    46
